 Dungeon Crawl Stone Soup version 0.31-a0-851-g7ff8af7 (webtiles) character file.

Game seed: 12996560864245124341

13410 BarneyGumball the Destroyer (level 11, -5/129 HPs)
             Began as a Demigod Earth Elementalist on Oct 6, 2023.
             Slain by a blink frog (8 damage)
             ... on level 8 of the Dungeon.
             The game lasted 00:44:11 (16361 turns).

BarneyGumball the Destroyer (DgEE)                 Turns: 16361, Time: 00:44:11

Health: -5/129     AC: 25    Str:  9    XL:     11   Next: 47%
Magic:  0/20       EV:  2    Int: 29    God:
Gold:   842        SH:  0    Dex: 14    Spells: 1/18 levels left

rFire   + . .        s - +4 dagger (venom)
rCold   + . .        (no shield)
rNeg    . . .        z - melded +1 robe of Vines {NoPotionHeal Regen++++}
rPois   +            (helmet currently unavailable)
rElec   .            v - melded scarf {shadows}
rCorr   .            g - melded +0 pair of gloves
SInv    .            (boots currently unavailable)
Will    +....        (no amulet)
Stlth   ++           C - ring of protection from cold
HPRegen 0.41/turn    f - ring of protection from fire
MPRegen 0.17/turn

%: no passive effects
@: tree-form (expiring)
A: stationary, stasis, torment immunity, boosted hp, high MP 1, forlorn, divine
attributes
a: no special abilities


You were on level 8 of the Dungeon.
You were a tree.
You visited 2 branches of the dungeon, and saw 12 of its levels.

You collected 867 gold pieces.
You spent 25 gold pieces at shops.

Inventory:

Hand Weapons
 s - a +4 dagger of venom (weapon)
Missiles
 q - 34 poisoned darts (quivered)
 u - 2 throwing nets
 A - 2 javelins
 E - 2 curare-tipped darts
 H - 6 boomerangs
Armour
 g - a +0 pair of gloves (melded)
 j - a +2 ring mail of fire resistance
 v - a scarf of shadows (melded)
 z - the +1 robe of Vines (melded) {NoPotionHeal Regen++++}
   (You found it on level 10 of the Dungeon)

   NoPotionHeal: Its wearer cannot be healed by potions.
   Regen++++: It increases your rate of health regeneration.
 J - +0 swamp dragon scales
Jewellery
 f - a ring of protection from fire (right branch)
 C - a ring of protection from cold (left branch)
 F - a ring of protection from cold
Wands
 D - a wand of roots (3)
 I - a wand of flame (42)
 L - a wand of quicksilver (4)
 M - a wand of mindburst (5)
Scrolls
 a - a scroll of fog {unknown}
 d - a scroll of fear
 r - 2 scrolls of blinking
 t - a scroll of revelation
 w - a scroll of silence {unknown}
 y - 3 scrolls of noise
 B - 3 scrolls of teleportation
 G - a scroll of enchant weapon {unknown}
 K - a scroll of amnesia {unknown}
Potions
 b - a potion of magic
 c - 6 potions of curing
 e - 2 potions of enlightenment
 h - 2 potions of lignification
 i - 2 potions of cancellation
 k - a potion of berserk rage {unknown}
 l - 2 potions of degeneration {unknown}
 m - a potion of invisibility {unknown}
 n - 2 potions of might {unknown}
 o - 3 potions of mutation {unknown}
 p - a potion of ambrosia {unknown}
 x - 3 potions of attraction {unknown}


   Skills:
 - Level 5.0 Fighting
 - Level 4.0 Armour
 - Level 4.0 Dodging
 - Level 2.0 Stealth
 - Level 4.0 Spellcasting
 + Level 10.8 Conjurations
 - Level 5.0 Translocations
 - Level 0.8 Transmutations
 - Level 5.0 Ice Magic
 + Level 5.8 Air Magic
 - Level 6.0 Earth Magic


You had one spell level left.
You knew the following spells:

 Your Spells              Type           Power      Damage    Failure   Level
a - Sandblast             Erth           80%        2d17      1%          1
b - Passwall              Tmut/Erth      20%        N/A       2%          2
c - Stone Arrow           Conj/Erth      100%       3d13      1%          3
d - Iskenderun's Mystic   Conj/Tloc      51%        2d11      2%          4
e - Blink                 Tloc           68%        N/A       1%          2
f - Freezing Cloud        Conj/Ice/Air   23%        6-21      10%         5

Your spell library contained the following spells:

 Spells                   Type           Power      Damage    Failure   Level
 Kiss of Death            Conj/Necr      100%       2d13      1%          1
 Dazzling Flash           Conj/Hex       74%        N/A       2%          3
 Brom's Barrelling Bould  Conj/Erth      53%        2d7       2%          4
 Cigotuvi's Dreadful Rot  Necr/Pois/Air  34%        N/A       4%          2
 Flame Wave               Conj/Fire      37%        2d10      8%          4
 Manifold Assault         Tloc           34%        N/A       9%          4
 Scorch                   Fire           10%        2d5       11%         2
 Petrify                  Tmut/Erth      25%        N/A       17%         4
 Ignite Poison            Fire/Tmut/Pois 7%         N/A       19%         3
 Confusing Touch          Hex            5%         N/A       21%         3
 Tukima's Dance           Hex            5%         N/A       21%         3
 Dimensional Bullseye     Hex/Tloc       10%        N/A       24%         4
 Silence                  Hex/Air        11%        N/A       50%         5
 Dispel Undead            Necr           5%         3d7       56%         4
 Agony                    Necr           5%         N/A       88%         5
 Summon Cactus Giant      Summ           2%         N/A       100%        6


Dungeon Overview and Level Annotations

Branches:
Dungeon (11/15)            Temple (0/1) D:6            Lair (1/5) D:8
    Orc: D:9-12

Shops:
D:9 **

Annotations:
D:6 Grinder


Innate Abilities, Weirdness & Mutations

You are a tree.
Your roots penetrate the ground, keeping you stationary.
You cannot be teleported.
You are immune to unholy pain and torment.
Your maximum health is greatly increased.
Your equipment is partially melded.
You have an increased reservoir of magic. (+10% MP)
You shall have no god before yourself.
Your divine heritage dramatically boosts your attributes as you level up.


Message History

The black mamba is almost dead.
The black mamba bites you but does no damage.
The blink frog hits you!
* * * LOW HITPOINT WARNING * * *
The black mamba bites you but does no damage.
You barely miss the black mamba.
The black mamba is almost dead.
The black mamba bites you but does no damage.
The blink frog hits you.
* * * LOW HITPOINT WARNING * * *
The black mamba bites you but does no damage.
The blink frog hits you but does no damage.
You hit the black mamba but do no damage.
The black mamba is almost dead.
The black mamba barely misses you.
The blink frog hits you but does no damage.
The black mamba barely misses you.
You barely miss the black mamba.
The black mamba is almost dead.
Your transformation is almost over.
The blink frog blinks!
The black mamba bites you but does no damage.
You completely miss the black mamba.
The black mamba is almost dead.
The black mamba bites you but does no damage.
The black mamba bites you!
* * * LOW HITPOINT WARNING * * *
Casting: Stone Arrow (safe; 1% risk of failure)
Confirm with . or Enter, or press ? or * to list all spells.
Aiming: Stone Arrow (safe; 1% risk of failure)
Press: ? - help, Shift-Dir - straight line, f/p - black mamba
Aim: a black mamba (almost dead, poisoned, 63% to hit)
The stone arrow hits the black mamba.
You kill the black mamba!
The blink frog hits you but does no damage.
You closely miss the blink frog.
The blink frog is lightly wounded.
The blink frog hits you but does no damage.
The blink frog hits you!
You die...

....#[##..........###....###### #
....#.#########.#......_......# #
....#.# #.######....###.###
....#.#########.### ##...# #....
..................# #.### #....
....#.............# #.# #####
'########.........#####.#####....
.# #.......F.........#....## .#
#......†♣..............## .###
#.................#....## ...#
#######...........#.#.###
.#.############...#########.#.# #
......................#####.#.###
.###.#####.......................
.# #.### #......#####.#..##.#.##.
.# #...# #......# #.#..##.#.##.
.#####.###......#####.#..##.#.##.


You could see a blink frog.

Vanquished Creatures
  A hydra (D:10)
  A skeletal warrior (D:11)
  A manticore (D:11)
  Joseph (D:9)
  A black mamba (D:8)
  2 cane toads (Lair:1)
  An unseen horror (D:9)
  Maggie (D:6)
  2 komodo dragons
  2 trolls (D:10)
  A hornet (D:10)
  A shadow (D:7)
  12 yaks
  2 wyverns
  Eustachio (D:6)
  2 steam dragons (D:9)
  An acid dragon (D:11)
  5 water moccasins
  4 orc warriors
  2 black bears
  2 ogres
  3 wolves (Lair:1)
  6 centaurs
  2 phantoms
  A gnoll sergeant (D:10)
  2 bullfrogs
  4 kobold brigands
  2 scorpions
  17 wights
  34 killer bees
  A howler monkey (D:9)
  4 hounds
  10 orc priests
  A jelly (D:7)
  2 iguanas
  10 orc wizards
  A sleepcap (D:3)
  21 gnolls
  5 adders
  A shadow imp (D:7)
  An ufetubus (D:5)
  5 dart slugs
  43 orcs
  10 endoplasms
  5 giant cockroaches
  11 goblins
  9 hobgoblins
  6 jackals
  24 kobolds
  6 quokkas
  7 ball pythons
  2 bats (D:1)
  A frilled lizard (D:2)
  5 rats
308 creatures vanquished.

Notes
Turn   | Place    | Note
-------+----------+-------------------------------------------
     0 | D:1      | BarneyGumball the Demigod Earth Elementalist began the
                  | quest for the Orb.
     0 | D:1      | Reached XP level 1. HP: 14/14 MP: 5/5
    68 | D:1      | Reached skill level 1 in Conjurations
   163 | D:1      | Reached XP level 2. HP: 20/20 MP: 4/7
   741 | D:2      | Reached XP level 3. HP: 8/26 MP: 2/8
   846 | D:2      | Learned a level 3 spell: Stone Arrow
   871 | D:2      | Reached skill level 2 in Conjurations
  1077 | D:2      | Reached XP level 4. HP: 31/33 MP: 6/9
  1594 | D:2      | Learned a level 2 spell: Passwall
  2042 | D:3      | Reached skill level 3 in Conjurations
  2291 | D:3      | Reached XP level 5. HP: 38/38 MP: 3/10
  3081 | D:4      | Noticed an ogre
  3293 | D:4      | Reached skill level 1 in Armour
  3293 | D:4      | Reached XP level 6. HP: 45/45 MP: 4/11
  3426 | D:4      | Reached skill level 4 in Conjurations
  3532 | D:4      | Reached skill level 5 in Earth Magic
  3785 | D:4      | Identified the +0 chain mail of Wachad {rElec rN+ Str+3}
  4254 | D:5      | Entered Level 5 of the Dungeon
  4304 | D:5      | Reached XP level 7. HP: 50/50 MP: 6/12
  4476 | D:5      | Reached skill level 5 in Conjurations
  4930 | D:5      | Reached skill level 6 in Conjurations
  5155 | D:5      | Learned a level 2 spell: Blink
  5659 | D:6      | Reached XP level 8. HP: 49/57 MP: 9/13
  6093 | D:6      | Reached skill level 7 in Conjurations
  6523 | D:6      | Reached skill level 8 in Conjurations
  6608 | D:6      | Found a staircase to the Ecumenical Temple.
  7190 | D:6      | Reached skill level 9 in Conjurations
  7190 | D:6      | Reached XP level 9. HP: 37/62 MP: 8/14
  7382 | D:6      | Reached skill level 1 in Fighting
  7487 | D:6      | Noticed Eustachio
  7489 | D:6      | Killed Eustachio
  7588 | D:6      | Noticed Grinder
  7881 | D:7      | You fall into a shaft and drop 2 floors!
  7978 | D:9      | Reached skill level 1 in Translocations
  8343 | D:8      | Found a staircase to the Lair.
  8372 | D:8      | Learned a level 4 spell: Iskenderun's Mystic Blast
  9196 | D:8      | Identified the +0 robe "Tojuonut" {Will- Int+7}
 10263 | D:7      | Reached XP level 10. HP: 73/78 MP: 0/17
 10906 | D:6      | Noticed Maggie
 10910 | D:6      | Killed Maggie
 11056 | D:8      | Reached skill level 5 in Fighting
 11245 | D:9      | Found Nuimox's Mail-Order Catalogue.
 11251 | D:9      | Reached skill level 5 in Translocations
 11320 | D:9      | Found Naryimec's Assorted Antiques.
 11327 | D:9      | Bought a scroll labelled SIOGGE UGHEOMEGO for 25 gold
                  | pieces
 11354 | D:9      | Reached skill level 1 in Ice Magic
 11354 | D:9      | Reached skill level 1 in Air Magic
 11594 | D:9      | Noticed Joseph
 11599 | D:9      | Killed Joseph
 11765 | D:9      | HP: 3/76 [wight/+3 halberd (3)]
 13103 | D:10     | Entered Level 10 of the Dungeon
 13903 | D:10     | Found the +1 robe of Vines {NoPotionHeal Regen++++}
 13905 | D:10     | Noticed an eight-headed hydra
 14266 | D:10     | Reached XP level 11. HP: 73/86 MP: 13/20
 14322 | D:10     | Identified the +10 sling of Massacring {drain, Int+3}
 14698 | D:10     | Killed an eight-headed hydra
 14699 | D:10     | Reached skill level 10 in Conjurations
 15224 | D:11     | Noticed a skeletal warrior
 15293 | D:11     | Killed a skeletal warrior
 15301 | D:11     | Noticed a skeletal warrior
 15961 | Lair:1   | Entered Level 1 of the Lair of Beasts
 15968 | Lair:1   | Learned a level 5 spell: Freezing Cloud
 15995 | Lair:1   | HP: 1/86 [cane toad (13)]
 15998 | Lair:1   | Reached skill level 5 in Ice Magic
 15998 | Lair:1   | Reached skill level 5 in Air Magic
 16359 | D:8      | HP: 2/129 [black mamba (8)]
 16361 | D:8      | Slain by a blink frog

Illustrated notes

Levels and vault maps discovered:
D:1:      nicolae_arrival_memento_mori, layout_rooms, minivault_19,
          minmay_pentomino_v2
D:2:      cheibrodos_greedy_goblins, layout_basic, basic_altar, minmay_tripent
D:3:      wad_river_or_something, layout_loops_ring,
          mainiacjoe_overflow_divided_tiny,
          chequers_temple_overflow_statue_of_worship
D:4:      layout_rooms, amethyst_killhole
D:5:      layout_basic, amcnicky_altar_gilded, cheibriados_altar_1,
          chequers_serial_rivers_marsh
D:6:      layout_basic, mainiacjoe_overflow_cross_hatched,
          minmay_temple_entry_purple_smoke, nrook_campfire,
          dreamdust_mushroom_princess, chequers_garden, uniq_eustachio,
          uniq_maggie, uniq_grinder
D:7:      layout_basic, mainiacjoe_overflow_surrounded_room,
          nicolae_overflow_hidden_temple, nicolae_uskayaw_suspiria,
          chequers_serial_rivers_small_a
D:8:      layout_basic, nicolae_overflow_crystal_walls, lair_entry_dummy,
          minmay_bent
D:9:      layout_long_grid, mainiacjoe_overflow_24_doors, serial_shops,
          nicolae_shop_dealshenge, st_stairs_9, serial_bayou_pond_c,
          hangedman_feature_mirror, grunt_ministairs_1,
          monkooky_shop_mail_order, uniq_joseph
D:10:     layout_long_grid, hellmonk_guarded_unrand_vines
D:11:     layout_loops_ring, orc_0_dummy, ebering_ghost_reflecting_pool,
          fedhas_bush_and_centaur_altar
Lair:1:   layout_concentric_octagons, beast_lair_carwin_2, grunt_megastairs_3

Skill      XL: |  1  2  3  4  5  6  7  8  9 10 11 |
---------------+----------------------------------+-----
Conjurations   | 1 2 3 4 6 9 10 | 10.8
Earth Magic    | 3 4 5 6 |  6.0
Armour         | 1 2 4 |  4.0
Stealth        | 2 |  2.0
Dodging        | 4 |  4.0
Spellcasting   | 3 4 |  4.0
Fighting       | 4 5 |  5.0
Translocations | 4 5 |  5.0
Ice Magic      | 3 5 |  5.0
Air Magic      | 3 5 |  5.8
Transmutations | |  0.8

Action                     |  1- 3 |  4- 6 |  7- 9 | 10-12 || total
---------------------------+-------+-------+-------+-------++-------
  Melee: Dagger            |     1 |    10 |    80 |    78 ||   169
         Whip              |       |     9 |       |       ||     9
         Punch             |       |       |     1 |     1 ||     2
  Throw: Dart              |       |       |     1 |       ||     1
   Cast: Sandblast         |    53 |    83 |    57 |    50 ||   243
         Stone Arrow       |       |    27 |   117 |   150 ||   294
    Use: Scroll            |       |     3 |     3 |     6 ||    12
         Potion            |       |       |     2 |     8 ||    10
 Armour: Robe              |    11 |    28 |    15 |    55 ||   109
         Ring mail         |       |       |   105 |     1 ||   106
         Swamp dragon scal |       |       |       |   132 ||   132
         Skin              |       |       |       |    38 ||    38
  Dodge: Dodged            |     7 |    29 |    78 |   134 ||   248

Table legend: (Time is in decaauts)
 A = Elapsed time spent in this place.
 B = Non-inter-level travel time spent in this place.
 C = Inter-level travel time spent in this place.
 D = Time resting spent in this place.
 E = Time spent auto-exploring this place.
 F = Levels seen in this place.
 G = Mean time per level.
                   A        B        C        D        E       F      G
               +--------+--------+--------+--------+--------+-----+--------+
         Total |  16471 |  15638 |    833 |   2143 |  10643 |  12 | 1372.6 |
       Dungeon |  16172 |  15339 |    833 |   2122 |  10480 |  11 | 1470.2 |
          Lair |    299 |    299 |      0 |     21 |    163 |   1 |  299.0 |
               +--------+--------+--------+--------+--------+-----+--------+

Top non-repeatable levels by time:
     D:6: 2225 daAuts
     D:8: 2058 daAuts
     D:9: 1991 daAuts
    D:10: 1875 daAuts
     D:3: 1504 daAuts
     D:7: 1462 daAuts
     D:5: 1445 daAuts
     D:2: 1127 daAuts
     D:4: 858 daAuts
     D:1: 836 daAuts
    D:11: 785 daAuts
  Lair:1: 299 daAuts
